 Dungeon Crawl Stone Soup version 0.23-a0-586-gacb4b3f (webtiles) character file.

14984 nikopol the Thaumaturge (level 11, -9/56 (57) HPs)
             Began as a Deep Elf Fire Elementalist on Dec 18, 2018.
             Was an Elder of Vehumet.
             Mangled by a reaper
             ... wielding a +1 scythe of freezing
              (48 damage)
             ... in an ice cave.
             The game lasted 00:50:46 (16410 turns).

nikopol the Thaumaturge (DEFE)                     Turns: 16410, Time: 00:50:47

HP:   -9/56 (57)    AC:  9    Str:  5    XL:     11   Next: 95%
MP:   18/30         EV: 17    Int: 24    God:    Vehumet [****..]
Gold: 621           SH:  0    Dex: 15    Spells: 22/37 levels left

rFire    . . .     SeeInvis +   C - +3 flail of Eroin {speed, +Fly}
rCold    + . .     Gourm    .   (no shield)
rNeg     . . .     Faith    .   p - +2 robe
rPois    .         Spirit   .   I - +1 hat
rElec    .         Reflect  .   L - +1 cloak {rC+}
rCorr    .         Harm     .   m - +0 pair of gloves
MR       +....                  r - +0 pair of boots {Fly}
Stlth    +++.......             (no amulet)
HPRegen  0.18/turn              k - ring of see invisible
MPRegen  0.22/turn              A - +1 ring of evasion

@: flying
A: no striking features
a: Renounce Religion, Stop Flying


You were in an ice cave.
You worshipped Vehumet.
Vehumet was greatly pleased with you.
You were hungry.

You visited 1 branch of the dungeon, and saw 11 of its levels.
You also visited: Sewer and Ice Cave.

You collected 621 gold pieces.

Inventory:

Hand Weapons
 C - the +3 flail of Eroin (weapon) {speed, +Fly}
   (You found it on level 5 of the Dungeon)

   Attacks with this weapon are significantly faster.
   It lets you fly.
Armour
 m - a +0 pair of gloves (worn)
 p - a +2 robe (worn)
 r - a +0 pair of boots of flying (worn)
 E - a +0 cloak
 I - a +1 hat (worn)
 L - a +1 cloak of cold resistance (worn)
Jewellery
 k - a ring of see invisible (left hand)
 z - an uncursed ring of resist corrosion
 A - a +1 ring of evasion (right hand)
Wands
 t - a wand of digging (5)
 v - a wand of flame (16)
 x - a wand of iceblast (6)
Scrolls
 d - 5 scrolls of blinking {unknown}
 f - 2 scrolls of teleportation
 g - 3 scrolls of remove curse
 h - 3 scrolls of fear {unknown}
 i - a scroll of identify
 j - 10 scrolls of fog {unknown}
 s - 2 scrolls of immolation {unknown}
 u - 3 scrolls of enchant weapon {unknown}
 w - 2 scrolls of noise {unknown}
 y - 2 scrolls of enchant armour {unknown}
 K - a scroll of random uselessness {unknown}
Potions
 a - a potion of invisibility
 b - 5 potions of heal wounds
 e - 5 potions of curing
 l - 5 potions of flight
 n - 7 potions of might
 o - 3 potions of haste
 q - a potion of brilliance
 B - 3 potions of ambrosia
 D - a potion of resistance
 F - 2 potions of cancellation
 G - a potion of berserk rage
 H - 2 potions of degeneration {unknown}
 J - 2 potions of agility {unknown}
Comestibles
 c - 19 rations


   Skills:
 + Level 2.2 Fighting
 * Level 4.3 Armour
 + Level 6.0 Dodging
 + Level 4.5 Stealth
 + Level 13.6 Spellcasting
 + Level 11.0 Conjurations
 + Level 11.2 Fire Magic


You had 22 spell levels left.
You knew the following spells:

 Your Spells              Type           Power        Failure   Level  Hunger
a - Flame Tongue          Conj/Fire      #####        1%          1    None
b - Throw Flame           Conj/Fire      ######       1%          2    None
c - Conjure Flame         Conj/Fire      ######..     1%          3    None
d - Sticky Flame          Conj/Fire      ######..     1%          4    None
e - Fireball              Conj/Fire      ######....   1%          5    ###....

Your spell library contained the following spells:

 Spells                   Type           Power        Failure   Level  Hunger
 Yara's Violent Unravell  Hex/Tmut       ###.......   26%         5    ###....
 Inner Flame              Hex/Fire       #####...     1%          3    None


Dungeon Overview and Level Annotations

Branches:
Dungeon (11/15)            Temple (0/1) D:6            Lair (0/6) D:11
    Orc (0/2) D:9

Altars:
Cheibriados
Dithmenos
Elyvilon
Fedhas
Hepliaklqana
Nemelex Xobeh
Okawaru
Qazlal
Vehumet
The Shining One

Shops:
D:4 (   D:5 }   D:7 *

Annotations:
D:7 1 runed door


Message History

The reaper is severely wounded.
The reaper misses you.
Casting: Fireball (safe; 1% risk of failure)
Confirm with . or Enter, or press ? or * to list all spells.
Aiming: Flame Tongue (safe; 1% risk of failure)
Press: ? - help, Shift-Dir - straight line, f - reaper
Aim: a reaper, wielding a +1 scythe of freezing (severely wounded)
The flame tongue hits the reaper.
The reaper appears unharmed.
The reaper is severely wounded.
An ufetubus comes into view.
Casting: Flame Tongue (safe; 1% risk of failure)
Confirm with . or Enter, or press ? or * to list all spells.
Aiming: Flame Tongue (safe; 1% risk of failure)
Press: ? - help, Shift-Dir - straight line, f/p - reaper
Aim: a reaper, wielding a +1 scythe of freezing (severely wounded)
The flame tongue hits the reaper.
The reaper appears unharmed.
The reaper is severely wounded.
The reaper hits you from afar with a +1 scythe of freezing!!!
Ouch! That really hurt!
You die...

§### ######§..###
## #§§.§§§§##
§§§§§§§§§###
##§§§§§§§§§###
#§§####§§§§§§##
.§§.. #.§§§§§.##
.§....##§§§§§§§##
..5.5.##§§§§...#
#..2§@.§.§..##
#..###.....## #
.#..### ..#### ##


You could see a reaper and 2 ufetubi.

Vanquished Creatures
  Gastronok (D:9)
  Harold (D:7)
  4 two-headed ogres
  A cyclops (D:8)
  A centaur zombie (D:10)
  2 ice statues (IceCv)
  Joseph (D:8)
  7 ice devils
  A troll (D:11)
  Grinder (D:3)
  2 hornets
  Sigmund (D:3)
  7 yaks
  A hungry ghost (D:8)
  7 orc warriors
  2 ice beasts
  5 ogres
  2 sky beasts
  2 necrophages
  2 centaurs
  A crocodile (D:7)
  6 bullfrogs
  A gnoll sergeant (D:8)
  3 scorpions
  5 wights (D:6)
  5 killer bees (D:10)
  5 howler monkeys
  3 crimson imps
  2 bullfrog zombies
  3 jellies
  3 bullfrog skeletons
  3 hounds
  8 orc wizards
  6 orc priests
  2 quasits
  An iguana (D:7)
  Ijyb (D:1)
  7 worker ants
  A hound zombie (D:10)
  3 hound skeletons
  2 worker ant zombies (D:8)
  17 adders
  6 gnolls
  4 river rats (Sewer)
  3 shadow imps
  4 white imps (IceCv)
  8 ufetubi (IceCv)
  2 oozes
  An adder zombie (D:5)
  An adder skeleton (D:6)
  5 worms
  3 dart slugs
  4 leopard geckos
  36 orcs
  11 ball pythons
  8 giant cockroaches
  10 goblins
  7 hobgoblins
  14 jackals
  4 quokkas
  8 bats
  9 frilled lizards
  A giant cockroach zombie (D:5)
  10 kobolds
  29 rats
327 creatures vanquished.

Vanquished Creatures (others)
  2 white imps (IceCv)
  5 ufetubi (IceCv)
  An orc (D:9)
8 creatures vanquished.

Grand Total: 335 creatures vanquished

Notes
Turn   | Place    | Note
-------+----------+-------------------------------------------
     0 | D:1      | nikopol the Deep Elf Fire Elementalist began the quest for
                  | the Orb.
     0 | D:1      | Reached XP level 1. HP: 10/10 MP: 6/6
   281 | D:1      | Reached XP level 2. HP: 15/15 MP: 6/8
  1004 | D:2      | Reached XP level 3. HP: 19/19 MP: 6/10
  1010 | D:2      | Learned a level 2 spell: Throw Flame
  1014 | D:2      | Learned a level 3 spell: Conjure Flame
  1052 | D:2      | Reached skill level 4 in Spellcasting
  1086 | D:2      | Reached XP level 4. HP: 24/24 MP: 6/12
  2458 | D:3      | Noticed Sigmund
  2497 | D:3      | Noticed Ijyb
  2585 | D:1      | Killed Ijyb
  2585 | D:1      | Reached XP level 5. HP: 19/28 MP: 3/14
  2840 | D:3      | Found a glowing drain.
  2855 | Sewer    | Entered a sewer
  3048 | Sewer    | Learned a level 4 spell: Sticky Flame
  3123 | Sewer    | Reached skill level 5 in Spellcasting
  3747 | Sewer    | Reached skill level 5 in Fire Magic
  3747 | Sewer    | Reached XP level 6. HP: 14/33 MP: 10/16
  3997 | D:3      | Learned a level 5 spell: Fireball
  4321 | D:3      | Found an iron altar of Okawaru.
  4322 | D:3      | Found a radiant altar of Vehumet.
  4422 | D:3      | Killed Sigmund
  4422 | D:3      | Reached skill level 6 in Spellcasting
  4422 | D:3      | Reached XP level 7. HP: 37/37 MP: 6/18
  4461 | D:3      | Became a worshipper of Vehumet
  4723 | D:3      | Noticed Grinder
  4736 | D:3      | Killed Grinder
  4736 | D:3      | Reached skill level 7 in Spellcasting
  4990 | D:3      | Found a hazy altar of Hepliaklqana.
  5305 | D:4      | Reached * piety under Vehumet
  5305 | D:4      | Offered knowledge of Freeze by Vehumet.
  5305 | D:4      | Reached skill level 5 in Conjurations
  5349 | D:4      | Reached XP level 8. HP: 42/42 MP: 15/21
  5400 | D:4      | Found Ipnop's Antique Weapon Emporium.
  5557 | D:4      | Found a shadowy altar of Dithmenos.
  5557 | D:4      | Found a sparkling altar of Nemelex Xobeh.
  5557 | D:4      | Found a snail-covered altar of Cheibriados.
  5655 | D:5      | Entered Level 5 of the Dungeon
  5971 | D:5      | Found a white marble altar of Elyvilon.
  6084 | D:5      | Got a steaming flail
  6085 | D:5      | Identified the +3 flail of Eroin {speed, +Fly} (You found
                  | it on level 5 of the Dungeon)
  6188 | D:5      | Found Suyfatul's Gadget Shop.
  6781 | D:6      | Reached skill level 8 in Spellcasting
  7020 | D:6      | Found a staircase to the Ecumenical Temple.
  7046 | D:6      | Offered knowledge of Shock by Vehumet.
  7139 | D:6      | Reached ** piety under Vehumet
  7139 | D:6      | Reached skill level 9 in Spellcasting
  7993 | D:7      | Reached XP level 9. HP: 45/46 MP: 13/24
  8056 | D:7      | Found a runed door.
  8056 | D:7      | Noticed an angel
  8057 | D:7      | Found a glowing golden altar of the Shining One.
  8119 | D:7      | Reached skill level 1 in Fighting
  8285 | D:7      | Offered knowledge of Searing Ray by Vehumet.
  8450 | D:7      | Found Wiaphefau's Lightly-Used Armoury.
  8787 | D:8      | Noticed a two-headed ogre
  8789 | D:8      | Noticed Joseph
  8790 | D:8      | Noticed Gastronok
  8799 | D:7      | Killed a two-headed ogre
  8799 | D:7      | Reached skill level 10 in Spellcasting
  9367 | D:8      | Reached *** piety under Vehumet
  9506 | D:8      | Noticed Harold
 10135 | D:8      | Noticed a two-headed ogre
 10139 | D:7      | Reached skill level 11 in Spellcasting
 10139 | D:7      | Reached XP level 10. HP: 30/52 MP: 3/27
 10402 | D:7      | Killed Harold
 10402 | D:7      | Reached skill level 5 in Dodging
 10531 | D:7      | Killed a two-headed ogre
 10809 | D:8      | Killed Joseph
 10834 | D:8      | Noticed a cyclops
 11360 | D:8      | Killed a cyclops
 11360 | D:8      | Reached skill level 12 in Spellcasting
 11658 | D:8      | Found a stormy altar of Qazlal.
 11836 | D:8      | Found a blossoming altar of Fedhas.
 12093 | D:9      | Reached skill level 1 in Armour
 12237 | D:9      | Offered knowledge of Static Discharge by Vehumet.
 12437 | D:9      | Reached skill level 10 in Fire Magic
 12751 | D:9      | Reached **** piety under Vehumet
 12751 | D:9      | Reached XP level 11. HP: 56/56 MP: 19/29
 12830 | D:9      | Found a staircase to the Orcish Mines.
 12912 | D:9      | Reached skill level 10 in Conjurations
 13425 | D:9      | Killed Gastronok
 13798 | D:10     | Entered Level 10 of the Dungeon
 14068 | D:10     | Noticed a two-headed ogre
 14074 | D:10     | Killed a two-headed ogre
 14236 | D:10     | Reached skill level 13 in Spellcasting
 14411 | D:10     | Offered knowledge of Yara's Violent Unravelling by Vehumet.
 15337 | D:11     | Noticed a two-headed ogre
 15345 | D:11     | Killed a two-headed ogre
 15487 | D:11     | Found a frozen archway.
 15496 | IceCv    | Entered an ice cave
 16405 | IceCv    | Noticed a reaper
 16410 | IceCv    | Mangled by a reaper

Vault maps used:
D:1:      dpeg_arrival_shelter, minivault_27, minmay_misc_feat_tower
D:2:      first_ration, minmay_quadrilaterals
D:3:      old_standard_altar, gammafunk_temple_overflow_pools,
          portal_sewer_entry_f, uniq_sigmund, uniq_grinder, uniq_ijyb
D:4:      grunt_temple_overflow_open, serial_shops, shop, serial_glass,
          glass_columns_a, glass_columns_b, kennysheep_generic_room_15
D:5:      overflow_temple_1_default, serial_shops, shop
D:6:      temple_statues
D:7:      grunt_ogre_cave, minmay_shop_damaged, kennysheep_decorative_pillar,
          lemuel_angel_altar
D:8:      marbit_many_paths, grunt_qazlal_sundering, uniq_gastronok,
          uniq_joseph, uniq_harold
D:9:      david_orc_4, lemuel_flamethrower_hall
D:10:     grunt_ministairs_5, chequers_jeans
D:11:     lair_entry_dummy, portal_ice_cave_demonic_guard
Sewer:    sewer_minmay_w
IceCv:    ice_cave_small_demon

Skill      XL: |  1  2  3  4  5  6  7  8  9 10 11 |
---------------+----------------------------------+-----
Spellcasting   | 4 5 6 7 9 11 12 13 | 13.6
Fire Magic     | 4 5 6 7 8 10 11 | 11.2
Stealth        | 3 4 |  4.5
Dodging        | 3 4 5 6 |  6.0
Conjurations   | 2 3 5 7 8 9 11 | 11.0
Fighting       | 1 2 |  2.2
Armour         | 2 4 |  4.3

Action                   |  1- 3 |  4- 6 |  7- 9 | 10-12 || total
-------------------------+-------+-------+-------+-------++-------
Melee: Unarmed           |       |     2 |     2 |       ||     4
       Flail             |       |       |    39 |    73 ||   112
 Cast: Flame Tongue      |    42 |   136 |   189 |   119 ||   486
       Throw Flame       |       |    25 |    20 |    18 ||    63
       Sticky Flame      |       |     1 |    40 |    31 ||    72
       Conjure Flame     |       |     1 |     1 |     9 ||    11
       Fireball          |       |       |    28 |    77 ||   105
  Use: Scroll            |       |     1 |     2 |    16 ||    19
  Eat: Chunk             |       |     7 |    19 |    11 ||    37
       Ration            |       |     1 |     2 |     4 ||     7
Armor: Robe              |     3 |     7 |    18 |    14 ||    42
Dodge: Dodged            |     9 |    52 |    55 |    83 ||   199

Table legend:
 A = Non-vault XP
 B = Vault XP
 C = Vault XP percentage of total XP
 D = Non-vault monster count
 E = Vault monster count
 F = Vault count percentage of total count
                 A         B        C        D         E       F
            +---------+---------+-------+---------+---------+-------
      Total |   12507 |    8900 |  41.6 |     221 |     106 |  32.4
            +---------+---------+-------+---------+---------+-------
        D:1 |      39 |      36 |  48.0 |      20 |       1 |   4.8
        D:2 |     121 |      15 |  11.0 |      25 |       5 |  16.7
        D:3 |     149 |     519 |  77.7 |      26 |       7 |  21.2
        D:4 |     256 |       0 |   0.0 |      14 |       0 |   0.0
        D:5 |     196 |       0 |   0.0 |       7 |       0 |   0.0
        D:6 |    1096 |       0 |   0.0 |      26 |       0 |   0.0
        D:7 |    2936 |    1257 |  30.0 |      32 |       3 |   8.6
        D:8 |    1605 |     423 |  20.9 |      29 |       1 |   3.3
        D:9 |    1809 |    2934 |  61.9 |      18 |      19 |  51.4
       D:10 |    3067 |      19 |   0.6 |      22 |       1 |   4.3
       D:11 |    1233 |     656 |  34.7 |       2 |       2 |  50.0
      Sewer |       0 |     331 | 100.0 |       0 |      48 | 100.0
      IceCv |       0 |    2710 | 100.0 |       0 |      19 | 100.0
            +---------+---------+-------+---------+---------+-------
